 Dungeon Crawl Stone Soup version 0.22.0-6-g71bd7aa6b3 (webtiles) character file.

188 Rrauwl the Skirmisher (level 5, -1/47 HPs)
             Began as a Draconian Wanderer on Aug 16, 2018.
             Slain by an orc
             ... wielding a +0 hand axe
              (5 damage)
             ... on level 3 of the Dungeon.
             The game lasted 00:06:57 (2300 turns).

Rrauwl the Skirmisher (Draconian Wanderer)          Turns: 2300, Time: 00:06:58

Health: -1/47      AC:  5    Str: 14    XL:     5   Next: 39%
Magic:  5/5        EV: 13    Int: 13    God:
Gold:   175        SH:  0    Dex: 11    Spells: 4/4 levels left

rFire    . . .     SeeInvis .   a - +0 mace
rCold    . . .     Gourm    .   (no shield)
rNeg     . . .     Faith    .   (armour unavailable)
rPois    +         Spirit   .   (helmet restricted)
rElec    .         Reflect  .   (no cloak)
rCorr    .         Harm     .   (no gloves)
MR       .....                  (no boots)
Stlth    +.........             (no amulet)
HPRegen  0.15/turn              e - ring of poison resistance
MPRegen  0.09/turn              n - +2 ring of evasion

@: no status effects
A: unfitting armour, cold-blooded, AC +5
a: no special abilities


You were on level 3 of the Dungeon.
You were not hungry.

You visited 1 branch of the dungeon, and saw 4 of its levels.

You collected 175 gold pieces.

Inventory:

Hand Weapons
 a - a +0 mace (weapon)
 b - a +3 hand crossbow
Missiles
 k - 10 bolts
Jewellery
 e - a ring of poison resistance (left hand)
 h - an uncursed ring of ice
 n - a +2 ring of evasion (right hand)
Scrolls
 c - a scroll of enchant armour {unknown}
 d - 5 scrolls of teleportation
 g - 2 scrolls of amnesia
 i - a scroll of identify
 m - a scroll of magic mapping
Potions
 j - a potion of cancellation
Comestibles
 f - 6 rations
 l - 4 chunks of flesh


   Skills:
 + Level 4.6 Fighting
 + Level 4.4 Crossbows
   Level 1.0 Shields
   Level 3.0 Poison Magic
   Level 1.0 Evocations


You had 4 spell levels left.
You didn't know any spells.
Your spell library contained the following spells:

 Spells                   Type           Power        Failure   Level  Hunger
 Freeze                   Ice            #...         30%         1    ##.....
 Ozocubu's Armour         Chrm/Ice       #.......     67%         3    ####...


Dungeon Overview and Level Annotations

Branches:
Dungeon (4/15)
 Temple: D:4-7

Altars:
Fedhas
Uskayaw
Xom


Innate Abilities, Weirdness & Mutations

Your plain brown scales are hard. (AC +5)
You cannot fit into any form of body armour.
You are cold-blooded and may be slowed by cold attacks.


Message History

The leopard gecko barely misses you. The orc hits you with a hand axe!
* * * LOW HITPOINT WARNING * * *
You closely miss the orc.
Your tail-slap misses the orc.
The orc is lightly wounded.
The leopard gecko barely misses you. The orc closely misses you.
The leopard gecko misses you. The orc barely misses you.
You closely miss the orc.
The orc is lightly wounded.
The leopard gecko bites you.
* * * LOW HITPOINT WARNING * * *
The orc hits you with a hand axe.
* * * LOW HITPOINT WARNING * * *
The leopard gecko barely misses you.
Okay, then.
You hit the orc.
You tail-slap the orc, but do no damage.
The orc is almost dead.
The leopard gecko bites you but does no damage.
The orc hits you with a hand axe.
You die...

##...........## #.............#
##...⌠...⌠...⌠.. #...............
#............... #############
#..⌠...⌠...⌠...⌠
............######...............
.....######..##..l...............
...)............@.#...⌠...⌠...⌠..
####.#######..#o..#.............#
.....# #..#...####.........##
.##### ##.#...# #..⌠...⌠.(## .#
#.....# ##........#. .###
#..#.##########..#.#. ...#
#..#.......#.......#. ...#
#..#.#####.#.######## ...# #..#.#
#.#.#.......


You could see an orc and a leopard gecko.

Vanquished Creatures
  A hound (D:4)
  Robin (D:2)
  7 adders
  2 worms (D:2)
  2 dart slugs
  2 leopard geckos
  An orc (D:3)
  A giant cockroach (D:1)
  18 goblins
  8 hobgoblins
  15 kobolds
  A quokka (D:3)
  3 ball pythons
  A ball python skeleton (D:4)
  3 bats
  3 frilled lizards
  7 rats
76 creatures vanquished.

Notes
Turn   | Place    | Note
-------+----------+-------------------------------------------
     0 | D:1      | Rrauwl the Draconian Wanderer began the quest for the Orb.
     0 | D:1      | Rrauwl set off with: a +2 hand crossbow, 21 bolts, a scroll of teleportation, a ration
     0 | D:1      | Reached XP level 1. HP: 17/17 MP: 1/1
    67 | D:1      | Reached XP level 2. HP: 25/25 MP: 2/2
   487 | D:1      | Reached XP level 3. HP: 31/31 MP: 3/3
   803 | D:2      | Reached XP level 4. HP: 15/40 MP: 4/4
  1132 | D:2      | Noticed Robin
  1204 | D:2      | Killed Robin
  1295 | D:2      | Found a hide-covered altar of Uskayaw.
  1565 | D:3      | Found a shimmering altar of Xom.
  1785 | D:3      | Reached XP level 5. HP: 46/46 MP: 5/5
  2101 | D:4      | Found a blossoming altar of Fedhas.
  2283 | D:4      | Noticed a phantom
  2300 | D:3      | Slain by an orc

Skill      XL: |  1  2  3  4 |
---------------+-------------+-----
Crossbows      | 3 4 |  4.4
Fighting       | 3 4 |  4.6
Shields        | |  1.0
Poison Magic   | |  3.0
Evocations     | |  1.0

Action                   |  1- 3 |  4- 6 || total
-------------------------+-------+-------++-------
Melee: Mace              |    21 |   104 ||   125
       Tailslap          |     1 |     8 ||     9
 Fire: Hand crossbow     |    57 |    25 ||    82
  Use: Scroll            |     5 |       ||     5
       Potion            |     2 |     2 ||     4
 Stab: Sleeping          |       |     3 ||     3
  Eat: Chunk             |       |     5 ||     5
Armor: Skin              |    11 |    34 ||    45
Dodge: Dodged            |    28 |    85 ||   113
